 Dungeon Crawl Stone Soup version 0.16-a0-2710-g8b41a68 (console) character file.

171 Lapin the Skirmisher (level 5, -7/47 HPs)
             Began as a Minotaur Berserker on Nov 25, 2014.
             Was a Believer of Trog.
             Mangled by Grinder (9 damage)
             ... while paralysed by Grinder
             ... on level 4 of the Dungeon on Nov 26, 2014.
             The game lasted 00:43:01 (3028 turns).

Lapin the Skirmisher (Minotaur Berserker)           Turns: 3028, Time: 00:43:01

Health: -7/47      AC:  5    Str: 22    XL:     5   Next: 26%
Magic:  2/2        EV:  2    Int:  4    God:    Trog [**....]
Gold:   179        SH:  0    Dex: 10    Spells: 0 memorised, 4 levels left

rFire  . . .     SeeInvis .     a - +0 mace
rCold  . . .     Clarity  .     m - +0 ring mail
rNeg   . . .     SustAb   .     (no shield)
rPois  .         Gourm    .     (helmet restricted)
rElec  .         Spirit   .     (no cloak)
rCorr  .         Warding  .     (no gloves)
rMut   .         Stasis   .     (no boots)
MR     .....                    (no amulet)
Stlth  +.........               (no ring)
                                (no ring)

@: paralysed, not resistant to hostile enchantments, very unstealthy
A: retaliatory headbutt, horns 2
a: Burn Spellbooks, Berserk, Trog's Hand, Renounce Religion


You were on level 4 of the Dungeon.
You worshipped Trog.
Trog was pleased with you.
You were not hungry.

You visited 1 branch of the dungeon, and saw 4 of its levels.

You collected 179 gold pieces.

Inventory:

Hand weapons
 a - a +0 mace (weapon)
 f - a +0 dagger
 g - a cursed -2 club
 h - a +0 short sword
 n - a +0 whip
 q - a +0 whip
 r - a +0 hand axe
 s - a +0 short sword
 u - a +0 club
 B - a +0 club
 C - a +0 war axe
 D - a +0 short sword
 F - a +0 trident
 G - a +0 club
 H - a +0 dagger
 K - a +2 vampiric hand axe
 R - a +0 whip
 S - a +0 hand axe
 V - a +0 flail
 X - a +0 mace of protection
Missiles
 i - 102 stones (quivered)
 j - 25 arrows
 p - 24 sling bullets
 x - 40 bolts
Armour
 b - a +0 animal skin
 m - a +0 ring mail (worn)
 E - a +0 leather armour
 I - a cursed +0 ring mail
 J - a +0 leather armour
 L - a +0 leather armour
 T - a +0 ring mail
 W - a +0 ring mail
 Y - a +0 ring mail
Magical devices
 v - a wand of flame (34)
Scrolls
 e - a scroll of fog {unknown}
 k - a scroll of identify {unknown}
 o - a scroll of immolation {unknown}
 w - 3 scrolls of remove curse {unknown}
 y - a scroll of teleportation {unknown}
 A - 3 scrolls of magic mapping {unknown}
 N - a scroll of enchant weapon {unknown}
Potions
 d - a potion of curing {unknown}
 t - 2 potions of magic {unknown}
 z - a potion of haste {unknown}
 M - a potion of poison {unknown}
 O - 2 potions of heal wounds {unknown}
 P - a potion of flight {unknown}
 Q - a potion of restore abilities {unknown}
Comestibles
 c - 4 bread rations
 l - a fruit


   Skills:
 + Level 4.7 Fighting
 + Level 4.6 Maces & Flails
 + Level 4.0 Armour
 + Level 3.5 Dodging
 + Level 0.3 Stealth


You had 4 spell levels left.
You didn't know any spells.

Dungeon Overview and Level Annotations

Branches:
Dungeon (4/15)
 Temple: D:4-7

Altars:
Ashenzari
Fedhas
Vehumet
Beogh

Annotations:
D:4 Grinder


Innate Abilities, Weirdness & Mutations

You reflexively headbutt those who attack you in melee.
You have a pair of horns on your head.


Message History

* * * LOW HITPOINT WARNING * * *
You see here a stone.
The kobold throws a stone.
The stone hits you but does no damage.
You see here a stone.
The kobold throws a stone.
The stone closely misses you.
You closely miss the rat. Your headbutt misses the rat.
The rat closely misses you.
The kobold throws a stone.
The stone barely misses you.
You barely miss the rat. The rat bites you but does no damage.
Grinder gestures.
Grinder blinks!
The rat bites you but does no damage.
You completely miss the rat. Your headbutt misses the rat.
Grinder says, "You look like you could use a good racking."
Grinder gestures at you.
You suddenly lose the ability to move!
The rat bites you.
* * * LOW HITPOINT WARNING * * *
The rat bites you.
* * * LOW HITPOINT WARNING * * *
The rat bites you but does no damage. The kobold hits you but does no damage.
Grinder hits you!
You die...

.## ... .# ###### .####
####....# .....
..#.##.########
.#######.#.#...........
>............§........
.##### #.#.#..##....#
.#######.#.#..##....####
................K5.......
##########....((@r.[.....
#####._.########....####.
#..#.8.8.# ###### #.#
...#.....# #.# #..#.8.8.#
#.# #..##...## #.#
#...##'## #.# #....÷.#
##. .### #.# ###'####
#...... .....##.#
....###### #...... .#
#.....# .........# ......
.... ..#<#


You could see Grinder, a kobold and a rat.

Vanquished Creatures
  A scorpion (D:4)
  2 orc priests
  An adder (D:3)
  A worm (D:2)
  A giant gecko (D:1)
  An ooze (D:1)
  8 orcs
  2 bats (D:1)
  3 giant cockroaches
  2 hobgoblins
  2 giant newts
  3 goblins
  4 kobolds
  4 rats
35 creatures vanquished.

Notes
Turn   | Place    | Note
--------------------------------------------------------------
     0 | D:1      | Lapin, the Minotaur Berserker, began the quest for the Orb.
     0 | D:1      | Reached XP level 1. HP: 19/19 MP: 1/1
   402 | D:1      | Reached XP level 2. HP: 27/27 MP: 1/1
   939 | D:1      | Reached skill level 4 in Maces & Flails
  1499 | D:2      | Found a radiant altar of Vehumet.
  1500 | D:2      | Found a blossoming altar of Fedhas.
  1929 | D:3      | Reached XP level 3. HP: 30/33 MP: 2/2
  1960 | D:3      | Acquired Trog's second power
  1989 | D:3      | Upgraded the game from 0.16-a0-2702-gfff482a to 0.16-a0-2710-g8b41a68
  2169 | D:3      | HP: 1/33 [orc priest/vampiric hand axe (5)]
  2171 | D:3      | Reached XP level 4. HP: 1/41 MP: 2/2
  2477 | D:3      | Found a shattered altar of Ashenzari.
  2704 | D:4      | Found a roughly hewn altar of Beogh.
  2955 | D:4      | Reached XP level 5. HP: 37/47 MP: 2/2
  3006 | D:4      | Noticed Grinder
  3025 | D:4      | Paralysed by Grinder for 5 turns
  3026 | D:4      | HP: 2/47 [rat (1)]
  3028 | D:4      | Mangled by Grinder

Action                   |  1- 3 |  4- 6 || total
-------------------------+-------+-------++-------
Melee: Mace              |    79 |    32 ||   111
Invok: Berserk           |     2 |     1 ||     3
  Use: Scroll            |     1 |       ||     1
  Eat: Meat ration       |     1 |       ||     1
       Fruit             |       |     3 ||     3
       Chunk             |       |     2 ||     2
